 Dungeon Crawl Stone Soup version 0.30-a0-824-g6c64550be9 (webtiles) character file.

Game seed: 5630725277679052714

18 MachoJfn the Sneak (level 2, -1/17 HPs)
             Began as a Kobold Brigand on Feb 27, 2023.
             Slain by an adder (4 damage)
             ... on level 2 of the Dungeon.
             The game lasted 00:01:32 (440 turns).

MachoJfn the Sneak (Kobold Brigand)                  Turns: 440, Time: 00:01:32

Health: -1/17      AC:  3    Str:  6 (8)  XL:     2   Next: 85%
Magic:  2/2        EV: 14    Int: 11 (12) God:
Gold:   84         SH:  0    Dex: 14 (16) Spells: 1/1 levels left

rFire   . . .      SeeInvis .    a - +2 dagger
rCold   . . .      Faith    .    (no shield)
rNeg    . . .      Spirit   .    b - +0 robe
rPois   .          Reflect  .    (no helmet)
rElec   .          Harm     .    c - +0 cloak
rCorr   .          Rampage  .    (no gloves)
Will    .....                    (no boots)
Stlth   ++++                     (no amulet)
HPRegen 0.22/turn                (no ring)
MPRegen 0.08/turn                (no ring)

@: lethally poisoned (-1 -> -4)
A: small, no large weapons, nightstalker 3
a: no special abilities


You were on level 2 of the Dungeon.
You visited 1 branch of the dungeon, and saw 2 of its levels.

You collected 84 gold pieces.

Inventory:

Hand Weapons
 a - a +2 dagger (weapon)
Missiles
 d - 9 poisoned darts (quivered)
 e - 3 curare-tipped darts
Armour
 b - a +0 robe (worn)
 c - a +0 cloak (worn)
 i - a +2 ring mail of willpower
Scrolls
 f - a scroll of identify {unknown}
Potions
 g - a potion of degeneration
 h - a potion of cancellation


   Skills:
 + Level 2.2 Fighting
 + Level 2.7 Short Blades
 + Level 2.5 Throwing
 + Level 1.3 Dodging
 + Level 6.1 Stealth


You had one spell level left.
You didn't know any spells.
Your spell library contained the following spells:

 Spells                   Type           Power      Damage    Failure   Level
 Cigotuvi's Dreadful Rot  Necr/Pois/Air  0%         N/A       47%         2
 Dispel Undead            Necr           0%         3d6       98%         4
 Death Channel            Necr           0%         N/A       100%        6


Dungeon Overview and Level Annotations

Branches:
Dungeon (2/15)

Altars:

Shops:
D:2 !


Innate Abilities, Weirdness & Mutations

You are small and have problems with some larger weapons.
You are completely attuned to the shadows.


Message History

You hit the adder.
The adder is lightly wounded.
You feel sick. The adder barely misses you.
You barely miss the adder.
The adder is lightly wounded.
The adder bites you.
You hit the adder.
The adder is severely wounded.
You feel sick. The adder bites you.
You closely miss the adder.
The adder is severely wounded.
You feel sick. The adder misses you.
You hit the adder.
The adder is severely wounded.
You feel sick. The adder misses you. The adder closely misses you.
You barely miss the adder.
The adder is heavily wounded.
You feel sick.
You are no longer poisoned.
The adder misses you.
You hit the adder.
The adder is almost dead.
The adder bites you but does no damage.
You closely miss the adder.
The adder is almost dead.
The adder barely misses you.
You closely miss the adder.
The adder is almost dead.
The adder completely misses you.
You hit the adder but do no damage.
The adder is almost dead.
The adder bites you.
* * * LOW HITPOINT WARNING * * *
You are lethally poisoned!
The adder poisons you!
You closely miss the adder.
The adder is almost dead.
* * * LOW HITPOINT WARNING * * *
You feel sick. The adder bites you.
You die...

#.................
...................
.##....).....#####.
.##..........# #.
.............# #.
#.#.........# ###
###.........#.# ##..
#....#.....##.###...
#.S@.....#....##....
#....#..............
#....#####.#....##..
###### #.##.......
##...... #.#.... .


You could see an adder.

Vanquished Creatures
  An adder (D:2)
  2 bats (D:1)
  An endoplasm (D:2)
  2 goblins (D:2)
  A quokka (D:1)
  A kobold (D:2)
  A rat (D:2)
9 creatures vanquished.

Notes
Turn   | Place    | Note
-------+----------+-------------------------------------------
     0 | D:1      | MachoJfn the Kobold Brigand began the quest for the Orb.
     0 | D:1      | Reached XP level 1. HP: 12/12 MP: 1/1
    99 | D:1      | You fall into a shaft and drop 1 floor!
   144 | D:2      | Reached XP level 2. HP: 17/17 MP: 2/2
   175 | D:2      | Reached skill level 6 in Stealth
   181 | D:2      | Found Xerozam's Distillery.
   440 | D:2      | Slain by an adder

Illustrated notes

Levels and vault maps discovered:
D:1:      roderic_octagonal_star, layout_rooms, nrook_uturn, minmay_tetromino_o2
D:2:      layout_rooms, serial_shops, shop_fountains

Skill      XL: |  1  2 |
---------------+-------+-----
Stealth        | 6 |  6.1
Fighting       | |  2.2
Short Blades   | |  2.7
Throwing       | |  2.5
Dodging        | |  1.3

Action                     || total
---------------------------++-------
  Melee: Dagger            ||    33
    Use: Potion            ||     2
   Stab: Sleeping          ||     5
 Armour: Robe              ||     7
  Dodge: Dodged            ||    16

Table legend: (Time is in decaauts)
 A = Elapsed time spent in this place.
 B = Non-inter-level travel time spent in this place.
 C = Inter-level travel time spent in this place.
 D = Time resting spent in this place.
 E = Time spent auto-exploring this place.
 F = Levels seen in this place.
 G = Mean time per level.
                   A        B        C        D        E       F      G
               +--------+--------+--------+--------+--------+-----+--------+
         Total |    435 |    386 |     49 |    122 |    180 |   2 |  217.5 |
       Dungeon |    435 |    386 |     49 |    122 |    180 |   2 |  217.5 |
               +--------+--------+--------+--------+--------+-----+--------+

Top non-repeatable levels by time:
     D:2: 338 daAuts
     D:1: 97 daAuts
